 Dungeon Crawl Stone Soup version 0.20.1-1-g8b1a95d (webtiles) character file.

60 Oilrag the Shooter (level 4, 0/34 HPs)
             Began as a Human Hunter on July 7, 2017.
             Was an Initiate of Ru.
             Slain by Terence
             ... wielding a +0 trident
              (2 damage)
             ... on level 3 of the Dungeon.
             The game lasted 00:14:55 (1603 turns).

Oilrag the Shooter (Human Hunter)                   Turns: 1603, Time: 00:14:57

Health: 0/34       AC:  4    Str: 13    XL:     4   Next: 25%
Magic:  4/4        EV: 12    Int: 11    God:    Ru [......]
Gold:   108        SH:  0    Dex: 14    Spells: 3/3 levels left

rFire    + . .     SeeInvis .   b - +0 short sword
rCold    + . .     Gourm    .   (no shield)
rNeg     . . .     Faith    .   p - +0 leather armour
rPois    +         Spirit   .   (no helmet)
rElec    +         Reflect  .   (no cloak)
rCorr    +         Harm     .   y - +0 pair of gloves
MR       .....                  (no boots)
Stlth    +.........             (no amulet)
Regen    0.2/turn               (no ring)
MPRegen  0.1/turn               (no ring)

@: resistant
A: no striking features
a: Renounce Religion


You were on level 3 of the Dungeon.
You worshipped Ru.
Ru was noncommittal.
You were not hungry.

You visited 1 branch of the dungeon, and saw 3 of its levels.

You collected 108 gold pieces.

Inventory:

Hand Weapons
 a - a +1 shortbow
 b - a +0 short sword (weapon)
 q - a +0 dagger
 s - a +0 club
 v - a +0 dagger
 A - a +0 club
Missiles
 d - 5 arrows
 n - 41 stones (quivered)
 o - 18 sling bullets
 x - 2 tomahawks
Armour
 c - a +0 leather armour
 p - a +0 leather armour (worn)
 y - a +0 pair of gloves (worn)
Wands
 t - a wand of enslavement (18/24)
Scrolls
 i - 3 scrolls of identify
 j - a scroll of random uselessness
 l - 2 scrolls of remove curse
Potions
 h - a potion of resistance
 k - a potion of curing {unknown}
 m - a potion of agility {unknown}
 r - a potion of might {unknown}
 w - a potion of heal wounds {unknown}
 B - 2 potions of lignification {unknown}
Comestibles
 f - 2 bread rations


   Skills:
 + Level 2.4 Fighting
 + Level 5.1 Bows
 + Level 1.0 Armour
 + Level 2.0 Dodging
 + Level 1.0 Stealth


You had 3 spell levels left.
You didn't know any spells.

Dungeon Overview and Level Annotations

Branches:
Dungeon (3/15)

Altars:
Ru

Annotations:
D:3 Terence


Message History

Terence misses you.
As you read the scroll labeled KAVVAPHUAKO, it crumbles to dust.
It is a scroll of identify.
j - a scroll of random uselessness Terence closely misses you.
As you read the scroll labeled HEZXA NESE, it crumbles to dust.
You feel blessed for a moment.
It was a scroll of remove curse.
Terence closely misses you.
As you read the scroll labeled TAETSYONGA, it crumbles to dust.
It is a scroll of amnesia.
You feel forgetful for a moment.
Terence hits you from afar with a trident.
* * * LOW HITPOINT WARNING * * *
Inscribe with what?
Okay, then.
It was a potion of resistance.
You feel protected.
Terence hits you from afar with a trident.
You die...

########### #######
.........##
##.#...######
#§.......###...........<
#§§§§§...##.......######
#§§§§@.@.........## #..
#§§§§.<..####.#### #.#
#§§###.#.# #.# #.#
#.§.§(..)..# #.# #.#
####(####### ##'## #..
#.# ##...## #.# (.#
##.....## #.# .#.
##.......## #.. . .
#.........####..


You could see Terence.

Vanquished Creatures
  3 adders (D:2)
  A dart slug (D:1)
  2 leopard geckos
  4 goblins
  4 hobgoblins
  3 kobolds
  2 ball pythons (D:2)
  3 bats (D:1)
  5 frilled lizards
  4 rats
31 creatures vanquished.

Notes
Turn   | Place    | Note
-------+----------+-------------------------------------------
     0 | D:1      | Oilrag the Human Hunter began the quest for the Orb.
     0 | D:1      | Reached XP level 1. HP: 16/16 MP: 1/1
   300 | D:1      | Reached XP level 2. HP: 20/22 MP: 2/2
   763 | D:2      | Reached skill level 1 in Armour
   763 | D:2      | Reached XP level 3. HP: 27/27 MP: 3/3
   979 | D:2      | Found a sacrificial altar of Ru.
   989 | D:2      | Became a worshipper of Ru the Awakened
  1210 | D:2      | Reached skill level 5 in Bows
  1210 | D:2      | Reached XP level 4. HP: 29/34 MP: 4/4
  1570 | D:3      | Noticed Terence
  1603 | D:3      | Slain by Terence

Skill      XL: |  1  2  3 |
---------------+----------+-----
Armour         | 1 |  1.0
Bows           | 5 |  5.1
Fighting       | |  2.4
Dodging        | |  2.0
Stealth        | |  1.0

Action                   |  1- 3 |  4- 6 || total
-------------------------+-------+-------++-------
Melee: Short sword       |       |    17 ||    17
 Fire: Shortbow          |    57 |    11 ||    68
  Use: Scroll            |       |     4 ||     4
       Potion            |       |     1 ||     1
  Eat: Chunk             |     1 |       ||     1
       Royal jelly       |       |     1 ||     1
Armor: Leather armour    |     4 |     8 ||    12
Dodge: Dodged            |     7 |    15 ||    22
